 Dungeon Crawl Stone Soup version 0.17-a0-2122-g03d97ec (webtiles) character file.

1494 sqwarecircle the Ruffian (level 8, -6/71 HPs)
             Began as a Ghoul Monk on Oct 21, 2015.
             Splashed by a jelly's acid (8 damage)
             ... on level 6 of the Dungeon.
             The game lasted 01:00:46 (7446 turns).

sqwarecircle the Ruffian (Ghoul Monk)               Turns: 7446, Time: 01:00:46

Health: -6/71      AC: -2    Str: 16    XL:     8   Next: 81%
Magic:  7/7        EV: 14    Int:  5    God:
Gold:   291        SH:  0    Dex: 12    Spells: 0 memorised, 7 levels left

rFire  . . .     SeeInvis .       - Unarmed
rCold  + . .     Clarity  .     l - +0 leather armour
rNeg   + + +     SustAt   .     (no shield)
rPois  ∞         Gourm    .     (no helmet)
rElec  .         Spirit   .     k - +0 cloak
rCorr  .         Warding  .     (no gloves)
rMut   .         Stasis   .     S - +0 pair of boots {run}
MR     .....                    (no amulet)
Stlth  +++.......               (no ring)
                                (no ring)

@: about to teleport, corroded equipment, rotting, quick, not resistant to
hostile enchantments, fairly stealthy
A: rotting body, claws 1, carnivore 3, cold resistance 1, negative energy
resistance 3, slow regeneration 1, torment resistance, unbreathing
a: no special abilities


You were on level 6 of the Dungeon.
You were not hungry.

You visited 1 branch of the dungeon, and saw 6 of its levels.

You collected 291 gold pieces.

Inventory:

Hand Weapons
 e - a +2 trident
 m - a +2 mace
Missiles
 q - 210 stones (quivered)
Armour
 a - a +0 robe
 k - a +0 cloak (worn)
 l - a +0 leather armour (worn)
 t - the +0 scale mail of the Heavens {rPois rC+ Str-2 Dex+10}
   (You found it on level 6 of the Dungeon)

   It affects your strength (-2).
   It affects your dexterity (+10).
   It protects you from cold.
   It protects you from poison.
 S - a +0 pair of boots of running (worn)
Wands
 D - a wand of flame (26)
Scrolls
 c - 2 scrolls of teleportation
 d - a scroll of noise
 g - 3 scrolls of identify
 h - 2 scrolls of recharging
 i - a scroll of fog
 n - 2 scrolls of fear
 H - a scroll of remove curse
 I - 3 scrolls of magic mapping
Potions
 f - a potion of lignification
 j - 2 potions of degeneration
 s - a potion of might
 u - 2 potions of flight
 B - a potion of ambrosia
Books
 F - an Akashic Record

   Spells                             Type                      Level
   a - Dispersal                      Translocation                6
   b - Malign Gateway                 Summoning/Translocation      7
   c - Disjunction                    Translocation                8
   d - Controlled Blink               Translocation                8
 K - a book of Frost

   Spells                             Type                      Level
   a - Freeze                         Ice                          1
   b - Throw Frost                    Conjuration/Ice              2
   c - Ozocubu's Armour               Charms/Ice                   3
   d - Throw Icicle                   Conjuration/Ice              4
   e - Summon Ice Beast               Ice/Summoning                4
   f - Condensation Shield            Ice                          4
Comestibles
 b - 2 meat rations
 M - a royal jelly


   Skills:
 + Level 6.3 Fighting
 * Level 2.6 Armour
 + Level 5.2 Dodging
 + Level 6.3 Stealth
 + Level 7.3 Unarmed Combat


You had 7 spell levels left.
You didn't know any spells.

Dungeon Overview and Level Annotations

Branches:
Dungeon (6/15)
 Temple: D:4-7

Altars:
Ashenzari
Cheibriados
Dithmenos
Elyvilon
Qazlal
Zin

Shops:
D:4 *   D:6 }


Innate Abilities, Weirdness & Mutations

Your body is rotting away.
You thrive on raw meat.
You are immune to poison.
You have sharp fingernails.
You are carnivorous and can eat meat at any time.
Your flesh is cold resistant.
You are immune to negative energy.
You regenerate slowly when monsters are visible.
You are immune to unholy pain and torment.
You can survive without breathing.


Message History

The jelly is moderately wounded.
The jelly barely misses you.
You scratch the jelly.
Your claws burn!
* * * LOW HITPOINT WARNING * * *
You claw the jelly.
The jelly is heavily wounded.
You scratch the jelly.
Your claws burn!
* * * LOW HITPOINT WARNING * * *
You claw the jelly!
The jelly is almost dead.
The jelly hits you.
* * * LOW HITPOINT WARNING * * *
You are splashed with acid!
The acid burns!
* * * LOW HITPOINT WARNING * * *
Read which item? (? for menu, Esc to quit)
As you read the scroll of teleportation, it crumbles to dust.
You feel strangely unstable. The jelly hits you.
* * * LOW HITPOINT WARNING * * *
You are splashed with acid!
The acid burns!
You die...

#....#.'..'....'...).)........
#....#.#..##.###.....#.#...#
#....#.##.##.#....#'##.#...#.
#....######..'....'....+.....
'....# #..#....#'##'#...###
#....# ########............
#....# #..J......... #....#
####............ ######
##.@##....#####.. #...JJ....#
.. ######....# ######


You could see 2 jellies.

Vanquished Creatures
  3 ogres
  A black bear (D:6)
  An orc warrior (D:5)
  A centaur (D:5)
  A giant frog (D:6)
  A scorpion (D:5)
  5 wights (D:6)
  A hound (D:6)
  A quasit (D:5)
  A giant frog skeleton (D:4)
  An orc priest (D:5)
  6 orc wizards
  An iguana (D:4)
  5 worker ants (D:4)
  10 adders
  A worker ant zombie (D:5)
  3 oozes
  2 adder zombies
  3 worms
  3 giant geckos
  18 orcs
  8 bats
  10 goblins
  4 hobgoblins
  9 jackals
  A quokka (D:3)
  2 ball pythons
  4 giant cockroaches
  9 giant newts
  A jackal skeleton (D:4)
  3 kobolds
  17 rats
137 creatures vanquished.

Notes
Turn   | Place    | Note
--------------------------------------------------------------
     0 | D:1      | sqwarecircle the Ghoul Monk began the quest for the Orb.
     0 | D:1      | Reached XP level 1. HP: 19/19 MP: 0/0
   104 | D:1      | Reached XP level 2. HP: 26/26 MP: 1/1
   252 | D:1      | Reached XP level 3. HP: 25/31 MP: 2/2
   878 | D:2      | Reached skill level 5 in Unarmed Combat
   878 | D:2      | Reached XP level 4. HP: 34/38 MP: 3/3
   925 | D:2      | Found a glowing silver altar of Zin.
  1131 | D:2      | Found a shattered altar of Ashenzari.
  1948 | D:3      | Found a snail-covered altar of Cheibriados.
  2245 | D:3      | Reached XP level 5. HP: 16/43 MP: 4/4
  2645 | D:3      | Found a stormy altar of Qazlal.
  3613 | D:3      | Reached XP level 6. HP: 38/52 MP: 5/5
  4471 | D:4      | Reached skill level 5 in Fighting
  4471 | D:4      | Reached skill level 6 in Unarmed Combat
  4611 | D:4      | Found Kesev's Assorted Antiques.
  4694 | D:4      | Identified a +0 pair of boots of running (You found it on level 4 of the Dungeon)
  4740 | D:4      | Reached XP level 7. HP: 55/61 MP: 6/6
  5172 | D:5      | Entered Level 5 of the Dungeon
  5272 | D:5      | Reached skill level 5 in Stealth
  5454 | D:5      | Found a white marble altar of Elyvilon.
  5705 | D:5      | Reached XP level 8. HP: 46/70 MP: 7/7
  5829 | D:5      | Found a shadowy altar of Dithmenos.
  6209 | D:6      | Found Fighuppoicar's Gadget Shop.
  6332 | D:6      | Reached skill level 1 in Armour
  6332 | D:6      | Reached skill level 7 in Unarmed Combat
  6372 | D:6      | Reached skill level 5 in Dodging
  6972 | D:6      | Got a heavily runed scale mail
  7051 | D:6      | Identified the +0 scale mail of the Heavens {rPois rC+ Str-2 Dex+10} (You found it on level 6 of the Dungeon)
  7445 | D:6      | HP: 3/71 [acid (8)]
  7446 | D:6      | Splashed by a jelly's acid

Vault maps used:
D:1:      scummos_arrival_simple_crosswalls, minmay_rat_gold_closets
D:2:      ashenzari_conservatory_becter, grunt_ministairs_8, lemuel_tele_altar
D:3:      grunt_qazlal_sundering, old_standard_altar, first_bread,
          amethyst_killhole, st_stairs_9, minivault_5
D:4:      serial_shops, nicolae_shop_behind_doors, minmay_misc_feat_nine_boxes
D:5:      old_standard_altar, overflow_temple_1_default
D:6:      temple_green, serial_shops, shop

Action                   |  1- 3 |  4- 6 |  7- 9 || total
-------------------------+-------+-------+-------++-------
Melee: Unarmed           |    90 |   238 |   195 ||   523
Throw: Stone             |       |       |     1 ||     1
  Use: Scroll            |     5 |     1 |     8 ||    14
       Potion            |     4 |     5 |     3 ||    12
 Stab: Sleeping          |     5 |     1 |     6 ||    12
       Distracted        |       |     1 |     2 ||     3
       Invisible         |       |       |     3 ||     3
  Eat: Chunk             |     1 |     2 |     9 ||    12
       Meat ration       |       |     2 |       ||     2
       Pizza             |       |     1 |       ||     1
